Construct Weapon Support Center
Selects Airborne Battlegroup
Selects Heavy Machine Gun Paradrop
Heavy Machine Gun Paradrop
Heavy Machine Gun Paradrop
Selects Paratrooper Squad Paradrop
Paratrooper Squad Paradrop
Paratrooper Squad Paradrop
Mechanized Support Center
Selects Anti-tank Gun Team Paradrop
Construct Medical Station
Anti-tank Gun Team Paradrop
Designate Forward Repair Station
Paratrooper Squad Paradrop
M4A1(76) Sherman Medium Tank
Selects Dual P-47 Rocket Strike
Improved M9 Bazooka Rockets
M4A1(76) Sherman Medium Tank
M4A1(76) Sherman Medium Tank